[Event "*** Titled Tuesday Blitz"]
[Site "Chess.com"]
[Date "2020.01.07"]
[Round "7"]
[White "spectralsoul"]
[Black "Dhaydon19"]
[Result "1/2-1/2"]
[WhiteElo "2872"]
[BlackElo "2698"]
[TimeControl "180+2"]
[EndTime "14:39:06 PST"]
[Termination "Game drawn - insufficient material"]

1. Nf3 c6 2. g3 d5 3. Bg2 Nf6 4. O-O g6 5. c4 Bg7 6. d4 O-O 7. Ne5 Nbd7 8. Nc3 e6 9. f4 Qe7 10. Kh1 Rd8 11. Qb3 dxc4 12. Nxc4 Nd5 13. e4 N5b6 14. Ne5 c5 15. Qa3 Nxe5 16. dxe5 Bd7 17. Be3 Bf8 18. Qb3 Bc6 19. Rfd1 Rxd1+ 20. Rxd1 Rd8 21. h4 Rxd1+ 22. Qxd1 c4 23. a3 Qc7 24. Kh2 Nd7 25. h5 a6 26. Qg4 Bc5 27. Bc1 b5 28.
Qg5 a5 29. Nd1 b4 30. axb4 axb4 31. Ne3 c3 32. bxc3 bxc3 33. Ng4 Bf8 34. f5 exf5 35.
exf5 Bxg2 36. Kxg2 Nxe5 37. fxg6 Qc6+ 38. Kh3 Qh1+ 39.
Nh2 Qxh2+ 40. Kxh2 Nf3+ 41. Kg2 Nxg5 42. Bxg5 hxg6 43.
hxg6 fxg6 44. Bc1 Kh7 45. g4 Kg7 46. Kf3 Kf6 47. Ke4 Bd6 48. Kd3 Be5 49. Be3 Ke6 50. Ke4 Bg7 51. Bg5 Kd6 52. Be3 Kc6 53. Bc1 Kc5 54. Kd3 Kb4 55. Kc2 Kc4 56. Ba3 Kd4 57.
Bb4 Ke4 58. Be7 Kf4 59. g5 Kf5 60. Bd8 Be5 61. Be7 Ke4 62. Bf6 Kf5 63. Bd8 Ke6 64.
Kd3 Kd7 65. Bb6 Bg7 66. Kc2 Ke6 67. Bd8 Kf5 68. Kd3 Be5 69. Kc2 Bf4 70. Kxc3 Bxg5 71. Bb6 Bf6+ 72. Kd3 g5 73. Ke2 g4 74. Kf1 Be5 75.
Kg2 Ke4 76. Bf2 Bf4 77. Bh4 Kf5 78. Be1 Kg6 79. Bf2 Kh5 80. Be1 Kg5 81. Bf2 Kf5 82.
Be1 Ke4 83. Bh4 Kd3 84. Bd8 Ke2 85. Be7 Be5 86. Bh4 Ke3 87. Bd8 Ke4 88. Ba5 Kf5 89. Be1 Kg6 90. Bh4 Kf5 91. Be1 Bc3 92. Bh4 Bd2 93.
Bf2 Ba5 94. Bg3 Bc7 95. Bxc7 g3 96. Kxg3 1/2-1/2

[Event "*** Titled Tuesday Blitz"]
[Site "Chess.com"]
[Date "2020.01.07"]
[Round "7"]
[White "Vegan4future"]
[Black "OparinGrigoriy"]
[Result "0-1"]
[WhiteElo "2447"]
[BlackElo "3031"]
[TimeControl "180+2"]
[EndTime "14:39:11 PST"]
[Termination "OparinGrigoriy won by resignation"]

1. d4 Nf6 2. c4 e6 3. Nf3 d5 4. Nc3 Be7 5. Bg5 h6 6. Bxf6 Bxf6 7. e3 O-O 8. Qc2 dxc4 9. Bxc4 c5 10. Rd1 Nd7 11. O-O cxd4 12. Nxd4 Qe7 13. a3 Nb6 14. Ba2 Bd7 15. Ne4 Bxd4 16. Rxd4 Rac8 17. Qd3 Bc6 18. Bb1 f5 19. Nc3 e5 20. Rd6 e4 21.
Qd4 Rfd8 22. Ba2+ Kh7 23. Rd1 Rxd6 24. Qxd6 Qxd6 25. Rxd6 g6 26. h4 Kg7 27. g3 Rc7 28. h5 gxh5 29. Be6 Bd7 30. Bb3 Bc6 31. Be6 Nc8 32. Rd8 Ne7 33. Kg2 Kf6 34. Bb3 Rd7 35. Rh8 Kg7 36. Re8 Ng6 37. Rg8+ Kf6 38. Ne2 h4 39.
Nd4 hxg3 40. Kxg3 Bd5 41. Bxd5 Rxd5 42. Ra8 a6 43. Rb8 Rd7 44. Rc8 h5 45. b4 f4+ 46.
Kg2 fxe3 47. fxe3 Ne5 48. Kg3 Kg5 49. Rc5 h4+ 50. Kh3 Re7 51. a4 Kg6 52. Kxh4 Rh7+ 53. Kg3 Nd3 54. Rc4 Kf6 55. Ne2 Rg7+ 56. Kh2 Ke5 57. Ng3 Nf2 58. Rc5+ Ke6 59. Rc4 b5 60. axb5 axb5 61. Rc5 Ng4+ 62. Kg2 Nxe3+ 63. Kf2 Nd1+ 64. Ke1 Rxg3 65. Kxd1 Rd3+ 66. Ke2 Rd5 67. Rc6+ Ke5 68. Rb6 Kd4 69. Rb8 Rh5 70. Rd8+ Kc4 71. Re8 Rh4 72. Ke3 Kxb4 73. Rb8 Kc4 74. Rc8+ Kb3 75. Rb8 b4 76.
Rc8 Kb2 77. Rb8 b3 78. Rc8 Kb1 79. Rb8 b2 80. Rc8 Rh5 81. Kxe4 Ka2 82. Ra8+ Kb3 83.
Rb8+ Kc3 84. Rc8+ Kb4 0-1

[Event "*** Titled Tuesday Blitz"]
[Site "Chess.com"]
[Date "2020.01.07"]
[Round "7"]
[White "GadimbayliA"]
[Black "Atakishiyev04"]
[Result "1/2-1/2"]
[WhiteElo "2950"]
[BlackElo "2744"]
[TimeControl "180+2"]
[EndTime "14:39:12 PST"]
[Termination "Game drawn - insufficient material"]

1. e4 e5 2. Nf3 Nc6 3. Nc3 Nf6 4. d4 exd4 5. Nxd4 Bc5 6. Nxc6 bxc6 7. Bd3 O-O 8. O-O Re8 9. Re1 d6 10. Na4 Bb6 11.
Nxb6 axb6 12. b3 Ba6 13. Bb2 Nd7 14. c4 Ne5 15. Bc2 c5 16. Re3 Bb7 17. f4 Ng6 18. Qg4 Qe7 19. a4 Bc6 20. Rae1 Qd7 21. Qg3 f6 22. e5 dxe5 23. Bxg6 hxg6 24. fxe5 Qf5 25. Rf1 Qg5 26. Qxg5 fxg5 27. e6 Re7 28. Re5 Rd8 29. h3 Rd3 30. Rf2 Rxb3 31. a5 bxa5 32. Rxc5 Rxe6 33.
Rxa5 Rd3 34. Rxg5 Rd7 35. Kh2 Rf7 36. Rd2 Rf5 37. Rxf5 gxf5 38. Kg3 g5 39. Rd8+ Kf7 40. Rc8 Re7 41. Be5 f4+ 42. Kf2 Ke6 43. Rxc7 Rxc7 44. Bxc7 Kf5 45. Bd8 g4 46. hxg4+ Kxg4 47. c5 Bd5 48.
Bc7 Bc6 49. g3 f3 50. Bd6 Bd5 51. Ke3 Bc6 52. Bf4 Bb7 53. Kf2 Bc6 54. Be3 Be4 55. Bc1 Ba8 56. Bd2 Bd5 57. Be1 Bc6 58. Ke3 Kf5 59.
Kd4 Ba8 60. Bf2 Bc6 61. Kd3 Kg4 62. Ke3 Kf5 63. Kd4 Ba8 64. Kc4 Bc6 65. Kb4 Ke4 66. Ka5 Bd7 67. Kb6 Kd5 68. Be1 Bg4 69. c6 Ke4 70. Bf2 Kd3 71. c7 Ke2 72. Bc5 f2 73.
Bxf2 Kxf2 74. Kb7 Kxg3 75. c8=Q Bxc8+ 1/2-1/2

[Event "*** Titled Tuesday Blitz"]
[Site "Chess.com"]
[Date "2020.01.07"]
[Round "7"]
[White "The_Chess_Coach"]
[Black "Gogolev_Artemy"]
[Result "1/2-1/2"]
[WhiteElo "2226"]
[BlackElo "2457"]
[TimeControl "180+2"]
[EndTime "14:39:31 PST"]
[Termination "Game drawn by agreement"]

1. d4 Nf6 2. c4 e6 3. Nc3 Bb4 4. e3 O-O 5. Bd2 d5 6. cxd5 exd5 7. Nf3 Bd6 8. Bd3 a6 9. h3 b6 10. O-O Bb7 11. Rc1 Nbd7 12. Qc2 Qe7 13. a3 Ne4 14. b4 Nxd2 15. Qxd2 Nf6 16. Qc2 Ne4 17. Nd2 f5 18. Nf3 Rae8 19. Qb3 Nxc3 20. Qxc3 g5 21.
Ne5 f4 22. exf4 gxf4 23. Rce1 Qg5 24. Nf3 Qg7 25. Rxe8 Rxe8 26. Re1 Rxe1+ 27. Qxe1 Qf7 28. Ng5 Qe7 29. Qxe7 Bxe7 30. Ne6 Bd6 31. Nd8 Bc8 32.
Nc6 Bd7 33. Nb8 Be6 34. Bxa6 f3 35. Nc6 Kg7 36. Nd8 Bd7 37. Bb7 fxg2 38. Kxg2 Be7 39. Nc6 Bf6 40. Ne5 Be6 41. Nf3 Be7 42. Kg3 Kf6 43. h4 Bd6+ 44. Kg2 Bf4 45. Bc6 Ke7 46. a4 Kd6 47. Be8 c5 48. bxc5+ bxc5 49. dxc5+ Kxc5 50. Bb5 d4 51. Ng5 Bd5+ 52. Kf1 h6 53. Nh3 Bc7 54. Ng1 Bd8 55. h5 Kb4 56. Be8 Kc3 57.
Ne2+ Kc4 58. Nf4 Bf3 59. Ke1 Bg5 60. Bb5+ Kc3 61. Ne6 Bd2+ 62. Kf1 d3 63. Nc5 Be2+ 64. Kg2 Bf4 65. a5 Bd6 66. Nxd3 Bxd3 67. Bxd3 Kxd3 68. a6 Bb8 69. Kf3 Kd4 70. Kg4 Ke4 71. f4 Ba7 72. Kg3 Bb6 73. Kg4 Be3 74. Kh3 Kxf4 75.
Kh4 Kf3 76. Kh3 Bf2 77. Kh2 Ba7 78. Kh1 Bb6 79. Kh2 Bc5 80. Kh3 Kf4 81. Kh2 Kg4 82. Kh1 Kxh5 83. Kh2 Kh4 84. Kh1 1/2-1/2

[Event "*** Titled Tuesday Blitz"]
[Site "Chess.com"]
[Date "2020.01.07"]
[Round "7"]
[White "Heineccius"]
[Black "ristingho"]
[Result "1-0"]
[WhiteElo "2661"]
[BlackElo "2515"]
[TimeControl "180+2"]
[EndTime "14:39:38 PST"]
[Termination "Heineccius won by checkmate"]

1. d4 Nf6 2. c4 e6 3. Nc3 Bb4 4. g3 O-O 5. Bg2 d5 6. Nf3 dxc4 7. O-O Nc6 8. Qa4 Bd7 9. Ne5 a5 10. Nxc6 Bxc6 11. Bxc6 bxc6 12. Qxc6 Qxd4 13. Be3 Qe5 14. Qxc4 Bxc3 15. bxc3 Nd5 16. Bd4 Qe4 17. f3 Qg6 18. e4 Nf6 19. Qxc7 h5 20. Qf4 Rab8 21. Rab1 Rxb1 22.
Rxb1 Nd7 23. Rb5 e5 24. Bxe5 Qc6 25. Rd5 Nxe5 26. Qxe5 h4 27. Kg2 hxg3 28. hxg3 a4 29. Qd4 Rc8 30. Ra5 Rb8 31. c4 Qh6 32. Rb5 Rxb5 33. cxb5 Qc1 34. b6 Qc2+ 35. Qf2 Qc6 36. g4 Qb5 37. Qd4 a3 38. Qd8+ Kh7 39. Qh4+ Kg8 40.
Qd8+ Kh7 41. Kg3 Qe5+ 42. Kh3 Qb2 43. Qh4+ Kg8 44. Qd8+ Kh7 45. Qc7 Qxa2 46. b7 Qb3 47. b8=Q Qxf3+ 48. Qg3 Qh1+ 49. Qh2 Qf3+ 50. Qbg3 Qxe4 51.
g5 Qe6+ 52. Qg4 a2 53. Qxe6 a1=Q 54. Qf5+ Kg8 55. Qc8+ Kh7 56. Qhc2+ g6 57. Qg4 Qh1+ 58. Qh2 Qd5 59. Kg3+ Kg8 60. Qf3 Qxg5+ 61. Qg4 Qe3+ 62. Qf3 Qg5+ 63. Qg4 Qe3+ 64. Kg2 Qd2+ 65. Kh3 Qh6+ 66. Qh4 Qe3+ 67. Q2g3 Qe6+ 68. Qhg4 Qc6 69. Q3f3 Qd6 70. Qgf4 Qe6+ 71. Kg3 Qa2 72. Qf2 Qb3+ 73. Q4f3 Qb8+ 74. Kg2 Qc7 75. Q2e3 Qd7 76. Qf6 Qg4+ 77. Kf2 Qd7 78.
Qed4 Qh3 79. Qg7# 1-0

[Event "*** Titled Tuesday Blitz"]
[Site "Chess.com"]
[Date "2020.01.07"]
[Round "7"]
[White "patrisiii123"]
[Black "ketster"]
[Result "1-0"]
[WhiteElo "2482"]
[BlackElo "2299"]
[TimeControl "180+2"]
[EndTime "14:39:38 PST"]
[Termination "patrisiii123 won by resignation"]

1. e4 e5 2. Nf3 Nc6 3. Bc4 Nf6 4. Ng5 d5 5. exd5 Na5 6. Bb5+ c6 7. dxc6 bxc6 8.
Qf3 Rb8 9. Bd3 Bg4 10. Qg3 Bd6 11. Ne4 Nxe4 12. Bxe4 f5 13. h3 O-O 14. hxg4 fxe4 15. Nc3 Rf4 16. d3 exd3 17. Bxf4 exf4 18. Qxd3 Qe7+ 19.
Qe4 Rxb2 20. Qxe7 Bxe7 21. O-O-O Ba3 22. Nb1 Rxa2+ 23. Nxa3 Rxa3 24. Rd8+ Kf7 25. Rxh7 Nc4 26. Kd1 Kg6 27. Rh3 Ra1+ 28. Ke2 Ra2 29. Rc3 Ne5 30.
Rc5 Kf6 31. g5+ Ke7 32. Rc8 Kd6 33. Rc3 a5 34. Rd8+ Ke7 35. Ra8 a4 36. Ra7+ Kd6 37. Rxg7 Ra1 38. Ra7 Rg1 39. Rxa4 Rxg2 40. Rxf4 Rxg5 41.
Re3 Kd5 42. Ra4 Rg2 43. Ra5+ c5 44. Rxe5+ Kxe5 45. Rxc5+ Kd4 46. Rh5 Kc3 47. Rc5+ Kd4 48. Rc8 Rg1 49. c3+ Ke4 50. f3+ Ke5 51. Rc5+ Kd6 52.
Rh5 Rc1 53. Kd3 Rd1+ 54. Kc4 Rf1 55. Rf5 Ke6 56. Rf8 Ke5 57. Kc5 Rc1 58. c4 Ke6 59. f4 Ke7 60. Rf5 Ke6 61. Re5+ Kf6 62. Rd5 Rf1 63.
f5 Rc1 64. Kb5 Rc2 65. c5 Rb2+ 66. Kc6 Rc2 67. Kd6 Kf7 68. c6 Ke8 69. Kc7 Ke7 70.
Re5+ Kf6 71. Rd5 Ke7 72. Kb7 Rb2+ 73. Kc8 Ke8 74. c7 Ke7 75. Rd4 Ke8 76. Re4+ Kf7 77. Kd7 Rd2+ 78. Kc6 Rc2+ 79. Kd6 Rd2+ 80. Kc5 Rc2+ 81.
Rc4 1-0

[Event "*** Titled Tuesday Blitz"]
[Site "Chess.com"]
[Date "2020.01.07"]
[Round "7"]
[White "Induwara_IM"]
[Black "volcanoexplorer"]
[Result "0-1"]
[WhiteElo "2370"]
[BlackElo "2557"]
[TimeControl "180+2"]
[EndTime "14:39:52 PST"]
[Termination "volcanoexplorer won by checkmate"]

1. d4 Nf6 2. c4 e6 3. Nf3 b6 4. a3 Bb7 5. Nc3 Be7 6. d5 O-O 7. e4 exd5 8. cxd5 Re8 9. Bd3 d6 10. O-O Nbd7 11. Re1 a6 12. h3 Nc5 13. Bc2 a5 14.
Nd4 Nfd7 15. Be3 Ne5 16. b4 axb4 17. axb4 Ncd7 18. Qe2 Nf8 19. Rxa8 Qxa8 20. Ncb5 Qb8 21. Ra1 Bf6 22. Ra3 Nfg6 23. Na7 h6 24. b5 Nd7 25.
Nac6 Qc8 26. Nf5 Nc5 27. f3 Bg5 28. Bd4 Qxf5 29. Ra7 Bxc6 30. bxc6 Nf4 31. Qf1 Qg6 32. Kh2 Bh4 33. Bf2 Bxf2 34. Qxf2 Re7 35. e5 Nfd3 36. Qd4 dxe5 37. Qh4 Qd6 38. Qg3 g6 39. Kh1 Kg7 40. Qh4 Qf6 41. Qc4 Nf4 42. Be4 Nxe4 43. fxe4 Nh5 44. Qd3 Qf4 45. d6 Ng3+ 46. Kg1 cxd6 47. Rxe7 Qc1+ 48. Kf2 Nh1+ 49. Ke2 Qxc6 50. Qb3 Qxe4+ 51. Kd2 Qf4+ 52. Kc2 Qf6 53. Rb7 Nf2 54.
Qxb6 Qf5+ 55. Kb2 e4 56. Qd4+ Qf6 57. Kc3 d5 58. Qxf6+ Kxf6 59. Kd4 Nd3 60. Kxd5 e3 61. Rb6+ Kg5 62. Kd4 e2 63. Rb5+ Kf6 64. Rb6+ Kg7 65.
Kxd3 e1=Q 66. Rb2 Qg3+ 67. Ke4 f5+ 68. Kd5 Kf6 69. Kc4 g5 70. Re2 g4 71. hxg4 Qxg4+ 72. Kd3 Kg5 73. Rf2 Qg3+ 74. Ke2 h5 75. Kf1 h4 76. Rf3 Qe5 77. Kg1 Kg4 78. Kh1 Qe4 79.
Rh3 Qe1+ 80. Kh2 Qf2 81. Kh1 f4 82. Kh2 Kf5 83. Rf3 Qe1 84. Rh3 Ke4 85. Rf3 Qe2 86. Rh3 Qg4 87. Ra3 Qe2 88. Rh3 Qe3 89. Rxh4 Qg3+ 90.
Kg1 Qxh4 91. Kf1 Ke3 92. g3 Qh1# 0-1

[Event "*** Titled Tuesday Blitz"]
[Site "Chess.com"]
[Date "2020.01.07"]
[Round "7"]
[White "MiroMiljkovic"]
[Black "Khalakhanov"]
[Result "1-0"]
[WhiteElo "2552"]
[BlackElo "2361"]
[TimeControl "180+2"]
[EndTime "14:40:22 PST"]
[Termination "MiroMiljkovic won by checkmate"]

1. d4 d5 2. c4 c6 3. Nc3 Nf6 4. cxd5 cxd5 5. Bf4 Nc6 6. e3 a6 7. Rc1 Bg4 8. Be2 Bxe2 9. Ngxe2 e6 10. O-O Bd6 11.
Na4 Bxf4 12. Nxf4 O-O 13. Nc5 Qe7 14. Nfd3 Rfc8 15. Na4 Rab8 16. Nb6 Rd8 17. Qa4 Qc7 18. Qb3 Nd7 19. Nxd7 Qxd7 20. Qb6 Rdc8 21. Rc3 Ne7 22.
Ne5 Qe8 23. Rfc1 Rxc3 24. Rxc3 Qa4 25. h3 Ng6 26. Qc7 Rf8 27. Nd7 Re8 28. a3 h5 29.
Qxb7 Qd1+ 30. Kh2 Qe2 31. Qc6 Re7 32. Rc2 Qd3 33. Ne5 Nxe5 34. dxe5 Qf5 35. Qc3 h4 36. Rd2 Qg5 37. Qd4 Rb7 38. b4 Rc7 39. Qf4 Qh5 40. a4 g5 41. Qf3 Qxf3 42. gxf3 Rc4 43.
Rb2 Rc6 44. b5 axb5 45. axb5 Rb6 46. Kg2 Kg7 47. Kf1 Kg6 48. e4 dxe4 49. fxe4 f6 50.
exf6 Kxf6 51. Ke2 Ke5 52. Ke3 Kd6 53. f4 gxf4+ 54. Kxf4 Kc5 55. Ke5 Kc4 56. Rb1 Kd3 57. Rb3+ Kc4 58. Rb1 Kd3 59. Kf4 Kd4 60. Rd1+ Kc5 61.
Rb1 Kd4 62. e5 Kd5 63. Rd1+ Kc5 64. Kg5 Rxb5 65. Kf6 Rb6 66. Rd3 Kc4 67. Rd6 Rb3 68.
Kxe6 Rxh3 69. Kd7 Re3 70. e6 h3 71. e7 h2 72. Rh6 Rd3+ 73. Kc7 Re3 74. Kd8 Rd3+ 75.
Ke8 Rd2 76. Kf7 Rf2+ 77. Ke8 Re2 78. Rh5 Kd3 79. Rh4 Ke3 80. Kd7 Rd2+ 81. Ke6 Re2 82. Rxh2 Rxh2 83. e8=Q Re2 84. Kd5+ Kd2 85. Qa4 Ke1 86.
Kd4 Rd2+ 87. Kc3 Re2 88. Qh4+ Kf1 89. Kd3 Rf2 90. Qh1# 1-0

[Event "*** Titled Tuesday Blitz"]
[Site "Chess.com"]
[Date "2020.01.07"]
[Round "7"]
[White "Terao90"]
[Black "Vuk2000"]
[Result "1/2-1/2"]
[WhiteElo "2460"]
[BlackElo "2673"]
[TimeControl "180+2"]
[EndTime "14:40:34 PST"]
[Termination "Game drawn by agreement"]

1. d4 Nf6 2. Bg5 d5 3. Bxf6 exf6 4. e3 Bd6 5. c4 dxc4 6. Bxc4 O-O 7. Nf3 c6 8. Nc3 Nd7 9. O-O Qe7 10. h3 f5 11.
Re1 Nf6 12. Bd3 g6 13. Qc2 Re8 14. e4 fxe4 15. Nxe4 Be6 16. Neg5 Qd7 17. Nxe6 Rxe6 18. Rxe6 Qxe6 19. Bc4 Qe4 20. Qb3 Qe7 21. Re1 Qc7 22.
Ne5 Rf8 23. Qf3 Kg7 24. Re2 c5 25. Ng4 Nxg4 26. Qxg4 a6 27. dxc5 Qxc5 28. Rc2 Qe5 29. g3 b5 30. Bf1 Qd5 31. b3 Re8 32. Re2 Rxe2 33. Qxe2 Bc5 34. Bg2 Qd6 35. Kh2 h5 36. h4 Qf6 37. f4 Qa1 38. Qc2 Qg1+ 39. Kh3 Bd4 40. Qe4 Qf2 41. a4 b4 42. Qf3 Qb2 43. Qd3 a5 44. Bd5 Bg1 45. Bg2 Bf2 46. Qf3 Bd4 47. Qd5 Bf2 48. Qf3 Qd2 49. Qd5 Qe3 50. Qf3 Qe6+ 51. Kh2 Bb6 52. Qc6 Qe3 53. Qf3 Qg1+ 54. Kh3 Qc1 55. f5 Qc8 56. Kh2 Qc3 57. fxg6 fxg6 58. Qb7+ Bc7 59. Qf3 Qd4 60. Kh3 Qd7+ 61.
Kh2 Qe7 62. Qe4 Qf6 63. Kh3 Qc3 64. Qf3 Qe5 65. Kh2 g5 66. hxg5 Qxg5 67. Kh3 Bd6 68. Qd3 Qg4+ 69. Kh2 Qh4+ 70. Kg1 Bc5+ 71. Kf1 Qf6+ 72.
Qf3 Qa1+ 73. Ke2 Qb2+ 74. Kf1 Qc1+ 75. Ke2 Qc2+ 76. Ke1 Qc1+ 77. Ke2 Qb2+ 78. Ke1 Qe5+ 79. Kf1 Bd4 80. Qb7+ Kf8 81. Qa8+ Ke7 82. Qb7+ Kf8 83.
Qa8+ Ke7 84. Qb7+ Kf6 85. Qc6+ Kg5 86. Qd5 Kg4 87. Qf3+ Kg5 88. Qd5 Qxd5 89. Bxd5 Kg4 90.
Kg2 h4 91. Bf3+ Kg5 92. gxh4+ Kxh4 93. Bd5 Kg5 1/2-1/2

[Event "*** Titled Tuesday Blitz"]
[Site "Chess.com"]
[Date "2020.01.07"]
[Round "7"]
[White "Chessmatus"]
[Black "M1711"]
[Result "1-0"]
[WhiteElo "2371"]
[BlackElo "2532"]
[TimeControl "180+2"]
[EndTime "14:40:54 PST"]
[Termination "Chessmatus won by resignation"]

1. e4 e5 2. Nf3 d5 3. Nxe5 Bd6 4.
d4 dxe4 5. Bc4 Bxe5 6. dxe5 Qxd1+ 7. Kxd1 Nc6 8. Bf4 Nge7 9. Re1 Bg4+ 10. Kc1 Ng6 11.
Bg3 Ngxe5 12. Rxe4 O-O-O 13. Nc3 Rhe8 14. Bb5 f5 15. Re3 a6 16. Bxc6 Nxc6 17. Rxe8 Rxe8 18.
f3 Bh5 19. Kd2 Rd8+ 20. Ke3 Nd4 21. Rc1 g5 22. f4 h6 23. Kf2 b5 24. a3 Ne6 25.
fxg5 f4 26. Bxf4 Nxf4 27. gxh6 Rh8 28. g3 Nh3+ 29. Kg2 Bg4 30. Nd5 Rxh6 31. c4 Ng5 32.
h4 Bf3+ 33. Kh2 bxc4 34. Ne3 Be2 35. Nxc4 Ne4 36. Ne3 Rb6 37. Rc2 Bd3 38. Rg2 Rg6 39. g4 Nf6 40. g5 Nh5 41. Rf2 Kd7 42. Rf7+ Kd6 43. Kh3 Ng7 44. Kg4 Be2+ 45. Kg3 Ne6 46. Nf5+ Ke5 47. Ne7 Rg7 48. Rf5+ Ke4 49. Rf2 Ke3 50. Nf5+ Kd3 51. Nxg7 Nxg7 52. Rf7 Nh5+ 53. Kg2 c5 54. Rd7+ Ke3 55. Rc7 Kd4 56. g6 Nf4+ 57. Kf2 Nxg6 58. Kxe2 Nxh4 59. Kd2 Kc4 60. Kc2 Nf5 61.
Rf7 Nd4+ 62. Kd2 Nb3+ 63. Kc2 Nd4+ 64. Kc1 Nb3+ 65. Kb1 Nd4 66. Ka2 Kb5 67. Rf6 a5 68. Rf4 Kc4 69. Rf8 Kb5 70. Rb8+ Kc4 71. Kb1 Nb3 72. Kc2 Nd4+ 73. Kd2 Nb3+ 74. Ke3 Nd4 75. Ke4 Nb3 76. Rb6 Nd4 77. Ke5 Nb3 78. Kd6 Nc1 79. Kc6 Nd3 80. Kb7 a4 81. Ka6 Nf2 82. Ka5 Ne4 83. Kxa4 Nd2 84. Ka5 Nb3+ 85. Ka6 Nd4 86. a4 Kd5 87. a5 Nc6 88. Kb5 Na7+ 89. Ka4 Nc6 90. a6 c4 91. Kb5 Nd4+ 92. Ka4 Nc6 93. Rb7 c3 94. bxc3 Ne5 95. Rb5+ Kc6 96. Rxe5 Kb6 97.
Re6+ Ka7 98. Kb5 Ka8 99. Kb6 1-0

[Event "*** Titled Tuesday Blitz"]
[Site "Chess.com"]
[Date "2020.01.07"]
[Round "8"]
[White "PNEPaul"]
[Black "HrvojeZagreb"]
[Result "0-1"]
[WhiteElo "1825"]
[BlackElo "2222"]
[TimeControl "180+2"]
[EndTime "14:47:42 PST"]
[Termination "HrvojeZagreb won by resignation"]

1. e4 e6 2. d4 d5 3. e5 c5 4.
Qg4 Nc6 5. Nf3 h5 6. Qg3 Nge7 7. Bd3 c4 8. Be2 Nf5 9. Qf4 g5 10. Qxg5 Qxg5 11. Nxg5 Ncxd4 12. Nc3 Nxc2+ 0-1

[Event "*** Titled Tuesday Blitz"]
[Site "Chess.com"]
[Date "2020.01.07"]
[Round "8"]
[White "vugarrasulov"]
[Black "nurmiTV"]
[Result "1-0"]
[WhiteElo "2831"]
[BlackElo "2542"]
[TimeControl "180+2"]
[EndTime "14:47:54 PST"]
[Termination "vugarrasulov won by resignation"]

1. Nf3 c5 2. e4 e6 3. d4 cxd4 4. Nxd4 a6 5. Nc3 Qc7 6. g3 b5 7.
Bg2 Bb7 8. O-O Nf6 9. Re1 Be7 10.
e5 Nd5 11. Nxd5 Bxd5 12. Bxd5 exd5 13. Nf5 Qc6 14. Nxg7+ 1-0

[Event "*** Titled Tuesday Blitz"]
[Site "Chess.com"]
[Date "2020.01.07"]
[Round "8"]
[White "Olga_Zhuravleva"]
[Black "ahachess"]
[Result "0-1"]
[WhiteElo "2322"]
[BlackElo "2231"]
[TimeControl "180+2"]
[EndTime "14:48:26 PST"]
[Termination "ahachess won by resignation"]

1. e4 c5 2. Nf3 g6 3. d4 cxd4 4. Nxd4 d6 5. Nc3 Bg7 6. Be2 Nc6 7. Nb3 Nf6 8. O-O O-O 9. Re1 a6 10. Bf1 b5 11. Bg5 Bb7 12. Nd5 e6 13. Nxf6+ Bxf6 14. Bxf6 Qxf6 15. Qxd6 Rad8 16. Qc7 Ba8 17. c3 Ne5 18. f4 Qxf4 19. Nd4 Nf3+ 0-1

[Event "*** Titled Tuesday Blitz"]
[Site "Chess.com"]
[Date "2020.01.07"]
[Round "8"]
[White "MiroMiljkovic"]
[Black "Chessalary"]
[Result "1-0"]
[WhiteElo "2553"]
[BlackElo "2108"]
[TimeControl "180+2"]
[EndTime "14:48:34 PST"]
[Termination "MiroMiljkovic won by checkmate"]

1. d4 d5 2. c4 e6 3. Nc3 c6 4. e4 dxe4 5. Nxe4 Bb4+ 6. Bd2 Qxd4 7. Bxb4 Qxe4+ 8. Be2 Na6 9. Ba5 b6 10. Qd6 Ne7 11.
O-O-O O-O 12. Qxe7 bxa5 13. Rd8 Bb7 14. Qxf8# 1-0

[Event "*** Titled Tuesday Blitz"]
[Site "Chess.com"]
[Date "2020.01.07"]
[Round "8"]
[White "2165149677570"]
[Black "FearNoEvil12"]
[Result "1-0"]
[WhiteElo "2294"]
[BlackElo "2051"]
[TimeControl "180+2"]
[EndTime "14:48:56 PST"]
[Termination "2165149677570 won by resignation"]

1. d4 b5 2. e4 a6 3. Bd3 Bb7 4. Nf3 e6 5. O-O Nf6 6. Re1 d6 7. a4 b4 8. c4 bxc3 9. Nxc3 Nbd7 10. b4 h6 11. b5 a5 12. Ba3 g5 13. Qb3 g4 14. Nd2 h5 15. e5 Nd5 16. exd6 Nxc3 17. Rxe6+ fxe6 18. Qxe6+ Be7 19. Bg6+ 1-0

[Event "*** Titled Tuesday Blitz"]
[Site "Chess.com"]
[Date "2020.01.07"]
[Round "8"]
[White "temus_galaktionov"]
[Black "Keaton87"]
[Result "1-0"]
[WhiteElo "2752"]
[BlackElo "2616"]
[TimeControl "180+2"]
[EndTime "14:48:57 PST"]
[Termination "temus_galaktionov won by resignation"]

1. d4 d5 2. Nf3 Nf6 3. c4 e6 4.
Nc3 Be7 5. Bf4 O-O 6. e3 b6 7. Bd3 dxc4 8. Bxc4 Ba6 9. Bxa6 Nxa6 10. Qe2 Qc8 11. O-O c5 12. Rac1 Qb7 13. Nb5 cxd4 14.
Nfxd4 Rac8 15. Bd6 Rxc1 16. Rxc1 Bxd6 17. Nxd6 Qd5 18. Nc8 Nc5 19. Ne7+ 1-0

[Event "*** Titled Tuesday Blitz"]
[Site "Chess.com"]
[Date "2020.01.07"]
[Round "8"]
[White "Borsuk_Konstantin"]
[Black "Fandorin779"]
[Result "1-0"]
[WhiteElo "2491"]
[BlackElo "2334"]
[TimeControl "180+2"]
[EndTime "14:49:30 PST"]
[Termination "Borsuk_Konstantin won by resignation"]

1. d4 d5 2. c4 dxc4 3. Nf3 Nf6 4. e3 e6 5. Bxc4 c5 6. O-O a6 7. dxc5 Bxc5 8. Qxd8+ Kxd8 9. Be2 Ke7 10. Nbd2 Nbd7 11. a3 b6 12. b4 Bd6 13. Nc4 Bc7 14. a4 Bb7 15. Ba3 b5 16. Na5 Bd5 17. axb5 axb5 18. Bxb5 Rhb8 19. Nc6+ Bxc6 20. Bxc6 Ra7 21. b5+ Ke8 22.
Rfd1 Bb6 23. Bd6 Rxa1 24. Rxa1 Rc8 25. Ne5 1-0

[Event "*** Titled Tuesday Blitz"]
[Site "Chess.com"]
[Date "2020.01.07"]
[Round "8"]
[White "quesfr"]
[Black "BIG_Pirate"]
[Result "0-1"]
[WhiteElo "2207"]
[BlackElo "2412"]
[TimeControl "180+2"]
[EndTime "14:49:39 PST"]
[Termination "BIG_Pirate won by resignation"]

1. e4 d5 2. exd5 Qxd5 3. Nc3 Qa5 4. d4 Nf6 5. Nf3 Bg4 6. h3 Bh5 7. Bc4 Nc6 8. g4 Bg6 9. d5 O-O-O 10. Bd2 Nb4 11. Nd4 Qc5 12. a3 Qxd4 13. axb4 Qxc4 14. Rxa7 Be4 0-1

[Event "*** Titled Tuesday Blitz"]
[Site "Chess.com"]
[Date "2020.01.07"]
[Round "8"]
[White "letantha"]
[Black "esteban062000"]
[Result "1-0"]
[WhiteElo "1860"]
[BlackElo "2017"]
[TimeControl "180+2"]
[EndTime "14:50:01 PST"]
[Termination "letantha won by resignation"]

1. e4 c5 2. c3 d5 3. exd5 Qxd5 4. d4 Nf6 5. Nf3 Bg4 6. Nbd2 cxd4 7. Bc4 Qd8 8. Qb3 e6 9. Qxb7 Nbd7 10. Nxd4 Qc8 11. Qxc8+ Rxc8 12. Ba6 Rc6 13. Nxc6 Bc5 14. Nb3 Bb6 15. Be3 O-O 16. Bxb6 axb6 17. f3 Bf5 18. Nbd4 Bg6 19. Ne7+ Kh8 20. Nxg6+ hxg6 21. Kf2 Nc5 22. Bb5 e5 23. Nb3 Ne6 24. Rhd1 e4 25. Nd4 Nc5 26.
b4 Nb7 27. Bc6 Nd6 28. a4 exf3 29. gxf3 Rc8 30. a5 bxa5 31. bxa5 Nc4 32. a6 Ne5 33. a7 Nxc6 34. Nxc6 Ra8 35. Rd8+ 1-0

[Event "*** Titled Tuesday Blitz"]
[Site "Chess.com"]
[Date "2020.01.07"]
[Round "8"]
[White "albano87"]
[Black "NTBT_DHS"]
[Result "0-1"]
[WhiteElo "2118"]
[BlackElo "2630"]
[TimeControl "180+2"]
[EndTime "14:50:04 PST"]
[Termination "NTBT_DHS won on time"]

1. d4 Nf6 2. Nf3 g6 3. g3 Bg7 4. Bg2 O-O 5. O-O d6 6. a4 Na6 7. Re1 c5 8. d5 e6 9. Nc3 exd5 10. Nxd5 Nxd5 11. Qxd5 Nb4 12. Qd1 Bf5 13. e4 Bg4 0-1

[Event "*** Titled Tuesday Blitz"]
[Site "Chess.com"]
[Date "2020.01.07"]
[Round "8"]
[White "IgorBjelobrk"]
[Black "Caisachess"]
[Result "1-0"]
[WhiteElo "2618"]
[BlackElo "2363"]
[TimeControl "180+2"]
[EndTime "14:50:04 PST"]
[Termination "IgorBjelobrk won by resignation"]

1. d4 Nf6 2. c4 e6 3. g3 d5 4. Bg2 Be7 5. Nf3 O-O 6. O-O dxc4 7. Qc2 a6 8. a4 Bd7 9. Rd1 Bc6 10. Nc3 Nd5 11. e4 Nxc3 12. bxc3 b5 13. d5 exd5 14. exd5 Bb7 15. Nd4 Bxd5 16. Nf5 c6 17. axb5 Qc8 18. Nxe7+ 1-0

[Event "*** Titled Tuesday Blitz"]
[Site "Chess.com"]
[Date "2020.01.07"]
[Round "8"]
[White "ehrenfeld"]
[Black "JonahWillow"]
[Result "1-0"]
[WhiteElo "2553"]
[BlackElo "2761"]
[TimeControl "180+2"]
[EndTime "14:50:14 PST"]
[Termination "ehrenfeld won by resignation"]

1. e4 c5 2. d3 Nc6 3. f4 g6 4. Nf3 Bg7 5. Be2 e6 6. O-O Nge7 7. c3 O-O 8. Be3 b6 9. d4 d6 10. Na3 Bb7 11. dxc5 dxc5 12. Qe1 Na5 13. Rd1 Qc8 14. Qh4 Re8 15. Nb5 Bxe4 16. Nd6 Qc6 17. Bb5 Nf5 18.
Bxc6 Nxh4 19. Bxe4 Nxf3+ 20. Bxf3 1-0

[Event "*** Titled Tuesday Blitz"]
[Site "Chess.com"]
[Date "2020.01.07"]
[Round "8"]
[White "Faqade"]
[Black "TigrVShlyape"]
[Result "0-1"]
[WhiteElo "2651"]
[BlackElo "2809"]
[TimeControl "180+2"]
[EndTime "14:50:20 PST"]
[Termination "TigrVShlyape won by resignation"]

1. Nf3 Nf6 2. g3 d5 3. Bg2 c6 4. O-O Bf5 5. d3 h6 6. c4 dxc4 7. dxc4 Qxd1 8. Rxd1 Nbd7 9. Nc3 e6 10. Be3 a5 11.
Na4 Bc2 12. Nb6 Nxb6 13. Bxb6 Bxd1 14. Rxd1 Nd7 15. Bd4 O-O-O 16. Bc3 a4 17. Ba5 Re8 18. b3 Bc5 19. bxa4 Be7 20. Ne1 Nc5 21. Bc3 Bf6 22. Bxf6 gxf6 23. a5 Rd8 24. Nd3 Kc7 25. Kf1 Rd4 0-1